 Dungeon Crawl Stone Soup version 0.28.0-53-g5a82cb258f (webtiles) character file.

Game seed: 14662492195180413213

28 Peloso the Skirmisher (level 3, -2/29 HPs)
             Began as a Demonspawn Fighter on June 4, 2022.
             Slain by Terence
             ... wielding a +0 morningstar
              (4 damage)
             ... on level 2 of the Dungeon.
             The game lasted 00:01:06 (1165 turns).

Peloso the Skirmisher (Demonspawn Fighter)          Turns: 1165, Time: 00:01:07

Health: -2/29      AC:  8    Str: 18    XL:     3   Next: 0%
Magic:  3/3        EV:  9    Int:  9    God:
Gold:   66         SH:  4    Dex: 12    Spells: 2/2 levels left

rFire   . . .      SeeInvis .   a - +0 long sword
rCold   . . .      Faith    .   c - +0 buckler
rNeg    . . .      Spirit   .   b - +0 scale mail
rPois   .          Reflect  .   (no helmet)
rElec   .          Harm     .   (no cloak)
rCorr   .          Rampage  .   (no gloves)
Will    .....                   (no boots)
Stlth   ..........              (no amulet)
HPRegen 0.09/turn               (no ring)
MPRegen 0.08/turn               (no ring)

@: no status effects
A: icy blue scales 1
a: no special abilities


You were on level 2 of the Dungeon.
You visited 1 branch of the dungeon, and saw 2 of its levels.

You collected 66 gold pieces.

Inventory:

Hand Weapons
 a - a +0 long sword (weapon)
Armour
 b - a +0 scale mail (worn)
 c - a +0 buckler (worn)
Scrolls
 e - 4 scrolls of identify {unknown}
 f - a scroll of fear {unknown}
 g - a scroll of enchant armour {unknown}
 h - a scroll of teleportation {unknown}
 i - a scroll of vulnerability {unknown}
Potions
 d - a potion of might


   Skills:
 + Level 3.4 Fighting
 + Level 2.2 Long Blades
 + Level 3.0 Armour
 + Level 0.2 Dodging
 + Level 2.7 Shields


You had 2 spell levels left.
You didn't know any spells.
Your spell library contained the following spells:

 Spells                   Type           Power      Damage    Failure   Level
 Sublimation of Blood     Necr           0%         N/A       95%         2
 Wereblood                Tmut           0%         N/A       95%         2
 Summon Hydra             Summ           0%         N/A       100%        7


Dungeon Overview and Level Annotations

Branches:
Dungeon (2/15)

Altars:

Annotations:
D:2 Terence


Innate Abilities, Weirdness & Mutations

You are partially covered in icy blue scales. (AC +2)


Message History

Increase (S)trength, (I)ntelligence, or (D)exterity?
You feel stronger. x2
You open the door.
There is an open door here.
As you open the door, it creaks loudly!
There is an open door here.
Terence the Incautious comes into view.
He is wielding a +0 morningstar.
Terence is nearby!
You block Terence's attack.
You closely miss Terence. You block Terence's attack.
Terence closely misses you.
You barely miss Terence. Terence completely misses you.
You barely miss Terence. You block Terence's attack.
You hit Terence but do no damage. Terence hits you with a +0 morningstar.
Terence barely misses you.
You barely miss Terence. Terence hits you with a +0 morningstar.
You hit Terence.
Terence is lightly wounded.
Terence hits you with a +0 morningstar.
You slash Terence!
Terence is moderately wounded.
You block Terence's attack. x2
You hit Terence but do no damage.
Terence is moderately wounded.
Terence hits you with a +0 morningstar.
You hit Terence but do no damage.
Terence is moderately wounded.
Terence hits you with a +0 morningstar!
* * * LOW HITPOINT WARNING * * *
You hit Terence but do no damage.
Terence is moderately wounded.
You block Terence's attack. Terence shouts, "Now you die!"
Terence hits you with a +0 morningstar.
* * * LOW HITPOINT WARNING * * *
You barely miss Terence.
Terence is moderately wounded.
Terence says, "Don't bother to defend, it's useless."
Terence hits you with a +0 morningstar.
You die...

.. ###.# ##### #. #...#
#.# ###.#.# #.. #.#...#
#.###...#.# #.........#
##..#.........
#..###.#.#########
#@................
......@...##.#.#########
..........##.#.# ...
..........##.. . ###
########+## # # # # #


You could see Terence.

Vanquished Creatures
  An adder (D:2)
  2 endoplasms
  A giant cockroach (D:1)
  4 hobgoblins
  A kobold (D:2)
  2 quokkas (D:1)
  A ball python (D:1)
  3 bats (D:1)
  A frilled lizard (D:1)
  A goblin (D:1)
  2 rats (D:1)
19 creatures vanquished.

Notes
Turn   | Place    | Note
-------+----------+-------------------------------------------
     0 | D:1      | Peloso the Demonspawn Fighter began the quest for the Orb.
     0 | D:1      | Reached XP level 1. HP: 18/18 MP: 1/1
   553 | D:1      | Gained mutation: You are partially covered in icy blue
                  | scales. (AC +2) [demonic ancestry]
   553 | D:1      | Reached XP level 2. HP: 24/24 MP: 2/2
   688 | D:1      | Found a faded altar of an unknown god.
  1017 | D:2      | Reached XP level 3. HP: 19/29 MP: 3/3
  1153 | D:2      | Noticed Terence
  1164 | D:2      | HP: 1/29 [Terence/+0 morningstar (5)]
  1165 | D:2      | Slain by Terence

Illustrated notes

Levels and vault maps discovered:
D:1:      roderic_crop_circles_arrival_small, layout_basic,
          hellmonk_ecumenical_altar_zigzags, due_unseen_surprise
D:2:      layout_basic, basic_altar, serial_shops, nicolae_shop_waterfront,
          chequers_hall_statues_wall_a, uniq_terence, uniq_jessica

Skill      XL: |  1  2 |
---------------+-------+-----
Long Blades    | 2 |  2.2
Armour         | 3 |  3.0
Fighting       | |  3.4
Dodging        | |  0.2
Shields        | |  2.7

Action                   || total
-------------------------++-------
Melee: Long sword        ||    67
Armor: Scale mail        ||    31
Dodge: Dodged            ||    32
Block: Buckler           ||    14
